[Event "Early-Titled-Tuesday-Blitz-August-29-2023"]
[Site "Chess.com"]
[Date "2023.08.29"]
[Round "6"]
[White "NovikovaGalina"]
[Black "Ural_bogatyr"]
[Result "1/2-1/2"]
[WhiteElo "2401"]
[BlackElo "2556"]
[TimeControl "180+1"]
[EndTime "9:06:49 PDT"]
[Termination "Game drawn by repetition"]

1. e4 e5 2. Nf3 Nc6 3. Bc4 Bc5 4. b4 Bxb4 5. c3 Ba5 6. d4 d6 7. Qb3 Qe7 8. O-O Bb6 9. Nbd2 Na5 10. Qc2 Nxc4 11.
Nxc4 exd4 12. cxd4 Bg4 13. Bg5 f6 14. Be3 Bxf3 15.
gxf3 Nh6 16. a4 c6 17. Nxb6 axb6 18. Qb3 Ra6 19. Bxh6 gxh6 20. Kh1 Qf7 21. Qc3 Rg8 22. Rg1 Rxg1+ 23. Rxg1 Rxa4 24. Qe3 Ra5 25. Qxh6 Rg5 26. Ra1 Qg6 27. Qh3 f5 28. f4 Rh5 29. Ra8+ Kd7 30.
Qb3 fxe4 31. Qxb6 Rxh2+ 32. Kxh2 Qh5+ 33. Kg1 Qg4+ 34. Kf1 Qd1+ 35. Kg2 Qf3+ 36. Kf1 Qd1+ 37. Kg2 Qf3+ 38. Kh2 Qxf4+ 39. Kh3 Qf3+ 40. Kh2 Qxf2+ 41. Kh3 Qf3+ 42. Kh2 Qf2+ 43. Kh3 Qf3+ 44. Kh2 Qf2+ 1/2-1/2

[Event "Early-Titled-Tuesday-Blitz-August-29-2023"]
[Site "Chess.com"]
[Date "2023.08.29"]
[Round "6"]
[White "Kotofeyca"]
[Black "EvgenyBurmakin"]
[Result "0-1"]
[WhiteElo "2412"]
[BlackElo "2279"]
[TimeControl "180+1"]
[EndTime "9:06:49 PDT"]
[Termination "EvgenyBurmakin won on time"]

1. d4 Nf6 2. c4 g6 3. f3 Bg7 4. e4 O-O 5. Nc3 d6 6. Be3 e5 7. Nge2 Nc6 8. Qd2 a6 9. d5 Ne7 10. O-O-O b5 11. c5 dxc5 12. Bxc5 Ne8 13. Kb1 Nd6 14.
Nc1 f5 15. Nb3 Rb8 16. a3 Bd7 17. Na5 Qe8 18. Be2 Qf7 19. Rhf1 Qf6 20. Qc2 g5 21. h3 Ng6 22. Nc6 Rbe8 23. g4 fxg4 24. hxg4 Nf4 25. Na2 Rf7 26. Nab4 a5 27. Na6 Bc8 28. Nab8 Nxe2 29.
Qxe2 Nc4 30. Rc1 h6 31. b3 Nd6 32. Bxd6 cxd6 33. Qxb5 Rb7 34. Qxa5 Rxb3+ 35. Ka2 Rxf3 36.
Rxf3 Qxf3 37. Qb4 Qxe4 38. Qxd6 Bxg4 39. Rc3 Rf8 40. Nb4 Rf2+ 41. Kb3 Bd1+ 0-1

[Event "Early-Titled-Tuesday-Blitz-August-29-2023"]
[Site "Chess.com"]
[Date "2023.08.29"]
[Round "6"]
[White "Witik"]
[Black "MITerryble"]
[Result "1-0"]
[WhiteElo "2802"]
[BlackElo "2933"]
[TimeControl "180+1"]
[EndTime "9:06:50 PDT"]
[Termination "Witik won by checkmate"]

1. d4 e6 2. Bf4 Nf6 3. e3 b6 4.
Nf3 Bb7 5. h3 Bd6 6. Bxd6 cxd6 7.
c4 d5 8. Nc3 O-O 9. cxd5 Nxd5 10. Rc1 Nf6 11. Bd3 d5 12. Ne5 a6 13. O-O Nbd7 14.
f4 b5 15. Qf3 Nb6 16. b3 Rc8 17. f5 Qd6 18. fxe6 fxe6 19. Qg3 Nbd7 20. Ne2 b4 21. Nxd7 Qxd7 22. Rxc8 Bxc8 23. Rc1 Rf7 24. Nf4 Bb7 25. Qg5 Qd6 26. Rc5 h6 27. Qg6 e5 28. Nh5 e4 29. Be2 Qe7 30. Bg4 Nxh5 31. Qxh5 Qf6 32. Kh2 Kh7 33. Qe5 Qxe5+ 34. dxe5 Re7 35. e6 Kg6 36. Kg3 h5 37. Be2 Rxe6 38. Rc7 Rb6 39. h4 Kh6 40. Kf4 Rf6+ 41. Ke5 Rf2 42. Bd1 Ba8 43. Rc8 Bb7 44. Rh8+ Kg6 45. Bxh5# 1-0

[Event "Early-Titled-Tuesday-Blitz-August-29-2023"]
[Site "Chess.com"]
[Date "2023.08.29"]
[Round "6"]
[White "Frolyanov_D"]
[Black "ViktoriyaTarasova"]
[Result "1-0"]
[WhiteElo "2612"]
[BlackElo "2415"]
[TimeControl "180+1"]
[EndTime "9:06:50 PDT"]
[Termination "Frolyanov_D won on time"]

1. d4 Nf6 2. c4 e6 3. Nf3 b6 4.
a3 Bb7 5. Nc3 d5 6. cxd5 Nxd5 7.
Qc2 Be7 8. e4 Nxc3 9. bxc3 O-O 10. Bd3 c5 11. O-O cxd4 12. cxd4 Nd7 13. Bb2 Rc8 14. Qe2 Qc7 15. Rad1 Rfe8 16. d5 exd5 17. e5 Nf8 18. Nd4 g6 19. Rfe1 Bc5 20. Bb5 Re7 21.
Qg4 Bxd4 22. Bxd4 Ne6 23. Be3 d4 24. Bh6 Qc5 25. Bd3 Qd5 26. h4 Ng7 27. Be4 Qd7 28. Qf3 Bxe4 29. Qxe4 Nf5 30. Bg5 Re6 31. Bf6 b5 32.
Qf4 Qe8 33. g4 Ne7 34. Qh6 Qf8 35. Qf4 Nc6 36. h5 a5 37. Kg2 b4 38. Rh1 bxa3 39.
hxg6 fxg6 40. Rxh7 Rxf6 41. exf6 Kxh7 42. Rh1+ Kg8 43.
Qg5 Qf7 44. Rh6 Ne7 45. fxe7 Rc6 46. Qe5 1-0

[Event "Early-Titled-Tuesday-Blitz-August-29-2023"]
[Site "Chess.com"]
[Date "2023.08.29"]
[Round "6"]
[White "TC2304"]
[Black "Preobrazhenska_D2011"]
[Result "0-1"]
[WhiteElo "2428"]
[BlackElo "2316"]
[TimeControl "180+1"]
[EndTime "9:06:50 PDT"]
[Termination "Preobrazhenska_D2011 won by checkmate"]

1. c4 e5 2. Nc3 Nf6 3. g3 d5 4. cxd5 Nxd5 5. Bg2 Nb6 6. e3 Be7 7. Nge2 O-O 8. O-O Nc6 9. b3 Nb4 10. d4 exd4 11. Nxd4 c5 12. Nde2 Nd3 13. Be4 Nxc1 14. Rxc1 Qc7 15. Nf4 Rd8 16. Qc2 g6 17.
Ncd5 Nxd5 18. Nxd5 Qe5 19. Rfd1 Bd6 20. Bf3 Be6 21.
Nf4 Rab8 22. Nxe6 Qxe6 23. Bd5 Qf6 24. e4 Be5 25. Qxc5 Kg7 26. f4 Bb2 27. e5 Qf5 28. Rc4 Rbc8 29. Qf2 Rxc4 30. bxc4 Ba3 31. Kg2 b6 32. Qe3 Bc5 33. Qd2 Qg4 34. h3 Qf5 35. Qd3 Qd7 36. Qe4 Qe7 37. Kf3 a6 38. a4 Qe8 39. Bc6 Qe7 40. Rxd8 Qxd8 41. Bd5 Qd7 42. e6 fxe6 43. Qe5+ Kf7 44. Be4 Qd1+ 45. Kg2 Qe2+ 46. Kh1 Qf1+ 47. Kh2 Qg1# 0-1

[Event "Early-Titled-Tuesday-Blitz-August-29-2023"]
[Site "Chess.com"]
[Date "2023.08.29"]
[Round "6"]
[White "Maili15"]
[Black "Mihaiionescu1"]
[Result "0-1"]
[WhiteElo "2331"]
[BlackElo "2507"]
[TimeControl "180+1"]
[EndTime "9:06:50 PDT"]
[Termination "Mihaiionescu1 won on time"]

1. e4 c5 2. Nf3 d6 3. d4 cxd4 4. Nxd4 Nf6 5. Nc3 g6 6. f3 Bg7 7. Be3 Nc6 8. Bc4 O-O 9. Bb3 Bd7 10. Qd2 Ne5 11. O-O-O Rb8 12. h4 b5 13. g4 a5 14.
a3 a4 15. Ba2 b4 16. Nb1 b3 17. cxb3 axb3 18. Bxb3 Rxb3 19. Nxb3 Nxf3 20. Qg2 Bxg4 21. Nc3 Qb8 22. Nd4 Ne5 23. Rdf1 Nfd7 24. h5 Nc5 25.
hxg6 hxg6 26. Ndb5 Ned3+ 27. Kb1 Na4 28. Qh2 Nxc3+ 29.
Nxc3 Rc8 30. Na4 Qb3 31. Qh7+ Kf8 32. Bh6 Ke8 33. Bxg7 Qxa4 34. Qg8+ Kd7 35. Qxf7 Be6 36. Qxg6 Qb3 37. Qxe6+ Qxe6 38. Bc3 Qb3 39. Rh2 Rxc3 40. Rg1 Qc2+ 41. Ka1 Qb3 42. Rb1 Rc2 0-1

[Event "Early-Titled-Tuesday-Blitz-August-29-2023"]
[Site "Chess.com"]
[Date "2023.08.29"]
[Round "6"]
[White "Irina_Mikhaylova"]
[Black "Jackalhead_Anubis"]
[Result "0-1"]
[WhiteElo "2269"]
[BlackElo "2446"]
[TimeControl "180+1"]
[EndTime "9:06:51 PDT"]
[Termination "Jackalhead_Anubis won by resignation"]

1. d4 d5 2. Nf3 Nf6 3. c4 dxc4 4. e3 c5 5. Bxc4 e6 6. dxc5 Qxd1+ 7.
Kxd1 Bxc5 8. Ke2 a6 9. a3 b5 10.
Bd3 Bb7 11. b4 Bb6 12. Bb2 Nbd7 13. Nbd2 Ke7 14. Nb3 Rac8 15. Rac1 g6 16. Rxc8 Rxc8 17.
Rc1 Rxc1 18. Bxc1 e5 19. Ne1 Bd5 20. Nd2 e4 21. Bc2 h5 22. Bb2 h4 23. h3 g5 24. Nb3 Ke6 25. Bd4 Bc4+ 26. Kd2 Bxd4 27. Nxd4+ Kd5 28. f4 gxf4 29. Nf5 Ke5 30. Nh6 fxe3+ 31.
Kxe3 Nd5+ 32. Kf2 f5 33. Nf7+ Kf4 34. Nd6 Ne5 35. Bd1 Nc3 36. Bc2 e3+ 37. Kg1 Ne2+ 38.
Kh2 Nd4 39. Bd1 e2 40. Bc2 Nxc2 41. Nxc2 Nd3 42. Kg1 Bb3 43. Ne1 Nxe1 44. Kf2 Nxg2 45. Kxe2 Bc4+ 46. Kf2 Ne3 47. Nb7 Nc2 48. Nc5 Nxa3 49.
Nxa6 Nc2 50. Nc7 Nxb4 51. Ne8 Nd3+ 52. Ke2 Kg3 53. Nf6 Kxh3 54. Kf3 b4 55. Nh5 b3 0-1

[Event "Early-Titled-Tuesday-Blitz-August-29-2023"]
[Site "Chess.com"]
[Date "2023.08.29"]
[Round "6"]
[White "regular_legs"]
[Black "Vanina1989"]
[Result "1-0"]
[WhiteElo "2584"]
[BlackElo "2680"]
[TimeControl "180+1"]
[EndTime "9:06:52 PDT"]
[Termination "regular_legs won by checkmate"]

1. d4 d5 2. c4 c6 3. Nc3 Nf6 4. e3 Bf5 5. cxd5 cxd5 6. Qb3 Nc6 7. Qxb7 Bd7 8. Qb3 Rb8 9. Qd1 e5 10. Nf3 Bd6 11. Be2 O-O 12. dxe5 Nxe5 13. O-O Qc7 14.
h3 Rfd8 15. Nd4 Qc8 16. f4 Nc4 17. Qc2 Re8 18. Bxc4 Qxc4 19. Bd2 Bc5 20. b3 Qa6 21.
Rfe1 Rbc8 22. Rad1 Bxd4 23. exd4 Ne4 24. Qb2 Qg6 25.
Nxe4 Rxe4 26. Rxe4 dxe4 27. Rc1 Bxh3 28. Rxc8+ Bxc8 29. d5 Qb6+ 30. Kh2 h6 31. Qe5 Qf2 32. Bc3 Qh4+ 33.
Kg1 Qg4 34. Qe8+ Kh7 35. Qxe4+ Bf5 36. Qd4 Qg6 37. d6 Bd7 38. Kf2 Bc6 39. g3 Bd7 40.
a4 h5 41. b4 Qg4 42. Qe5 h4 43. gxh4 Qxh4+ 44. Ke3 Qg3+ 45. Ke4 Bc6+ 46. Kd4 Qg1+ 47. Kc4 Bxa4 48. b5 Qf1+ 49. Kb4 Bc2 50. Qxg7# 1-0

[Event "Early-Titled-Tuesday-Blitz-August-29-2023"]
[Site "Chess.com"]
[Date "2023.08.29"]
[Round "6"]
[White "rikchessmx"]
[Black "valemava"]
[Result "1/2-1/2"]
[WhiteElo "2449"]
[BlackElo "2326"]
[TimeControl "180+1"]
[EndTime "9:06:54 PDT"]
[Termination "Game drawn by repetition"]

1. e4 c5 2. Nf3 Qa5 3. Nc3 a6 4. d4 b5 5. dxc5 e6 6. Be3 b4 7. Nb1 Bxc5 8. Bxc5 Qxc5 9. Bd3 Nf6 10. O-O Bb7 11. Nbd2 d6 12. Re1 Nc6 13. Nb3 Qb6 14. a4 O-O 15. a5 Qc7 16. Qd2 h6 17. Qf4 Ne5 18. Nxe5 dxe5 19. Qd2 Rab8 20. Re3 Rfd8 21. Rae1 Qd6 22. Qe2 Kf8 23. h4 Rbc8 24. g4 g5 25. Rh3 Ke7 26. h5 Rc7 27. Re3 Rdc8 28.
Kh2 Nd7 29. Rd1 Qc6 30. Rd2 Qa4 31. Qf3 Nc5 32. Nxc5 Rxc5 33. b3 Qxa5 34. Bc4 Rxc4 35.
bxc4 Rxc4 36. Red3 Rc7 37. Qe3 Qb5 38. f3 a5 39. Qf2 a4 40. Qe1 a3 41. Qa1 Bc6 42. Qa2 Qc5 43. Qb3 Bb5 44. Rd8 Rd7 45. R8xd7+ Bxd7 46. Qd3 Qc7 47. Qa6 Bc8 48. Qa8 Qc3 49. Qa7+ Kf8 50. Qf2 a2 51. Rd8+ Ke7 52. Rxc8 Qxc8 53.
Qa7+ Qd7 54. Qxa2 Qd2+ 55. Kg3 Qe1+ 56. Kg2 Qd2+ 57. Kg3 Qe1+ 58. Kg2 Qd2+ 59. Kg3 1/2-1/2

[Event "Early-Titled-Tuesday-Blitz-August-29-2023"]
[Site "Chess.com"]
[Date "2023.08.29"]
[Round "6"]
[White "BrandonJacobson"]
[Black "Jospem"]
[Result "1-0"]
[WhiteElo "3018"]
[BlackElo "3054"]
[TimeControl "180+1"]
[EndTime "9:06:55 PDT"]
[Termination "BrandonJacobson won by resignation"]

1. Nf3 c5 2. c4 Nc6 3. Nc3 g6 4. e3 Bg7 5. d4 d6 6. Be2 e6 7.
O-O Nge7 8. d5 exd5 9. cxd5 Na5 10. Bd2 O-O 11. a3 c4 12. Nd4 Nf5 13. Ncb5 Nxd4 14. Nxd4 Bd7 15. Bxa5 Qxa5 16. Bxc4 Rac8 17. Rc1 Qb6 18.
Qd2 Bxd4 19. Qxd4 Qxd4 20. exd4 Rfe8 21. f3 Kg7 22. Kf2 Kf6 23. Rc3 g5 24. Rfc1 h6 25. Bd3 Rxc3 26. bxc3 b5 27. Rb1 Rc8 28. Bxb5 Bxb5 29.
Rxb5 Rxc3 30. Ra5 Rc7 31. Ra6 Ke7 32. Kg3 f5 33. Rc6 Rb7 34. Rc8 a5 35. Rh8 Rb5 36. Rh7+ Kf8 37. Rxh6 Rxd5 38. Rg6 f4+ 39. Kg4 Rxd4 40. Rxg5 Ra4 41. Rf5+ Ke7 42. h4 Rxa3 43.
h5 Ra1 44. Kxf4 a4 45. h6 Rh1 46. Kg5 Rh2 47. g4 a3 48. Ra5 a2 49. Kg6 d5 50.
h7 d4 51. Rxa2 Rxa2 52. h8=Q Ra6+ 53. Kf5 Rd6 54. Qg7+ Kd8 55. Qf8+ Kd7 56. Qxd6+ Kxd6 57. Ke4 d3 58. Kxd3 Ke5 59. Ke3 Kf6 60. f4 Kg7 61. Ke4 Kf8 62. Kf5 Kg8 63. Kg6 Kf8 64. f5 Kg8 65. f6 Kf8 66. f7 Ke7 67. Kg7 Ke6 68.
f8=Q Ke5 69. Qf5+ 1-0

[Event "Early-Titled-Tuesday-Blitz-August-29-2023"]
[Site "Chess.com"]
[Date "2023.08.29"]
[Round "6"]
[White "ArtemDyachuk"]
[Black "fireheart92"]
[Result "1-0"]
[WhiteElo "2600"]
[BlackElo "2936"]
[TimeControl "180+1"]
[EndTime "9:06:56 PDT"]
[Termination "ArtemDyachuk won on time"]

1. e4 e5 2. Nf3 Nc6 3. Bc4 Nf6 4. d3 Bc5 5. c3 d6 6. O-O a6 7. Bb3 Ba7 8. h3 h6 9. Re1 g5 10. Nh2 g4 11. hxg4 Rg8 12. Be3 Nxg4 13. Bxa7 Rxa7 14. Qf3 Qe7 15. Nf1 Be6 16. Ng3 Ra8 17. Nd2 Qh4 18. Ndf1 Ne7 19. Ne3 h5 20. Nef5 Bxf5 21. exf5 c6 22.
d4 Rd8 23. f6 Ng6 24. Qf5 Qxf6 25. Qxf6 Nxf6 26. Bc2 Nf4 27. dxe5 dxe5 28. Rxe5+ Kf8 29.
Rf5 N4d5 30. c4 Nb4 31. Bb3 h4 32. Nf1 Ne4 33. c5 Rg7 34. Re1 Ng5 35. Ree5 Nh7 36. Ne3 Nd3 37. Re4 Nc1 38. Rxh4 Ne2+ 39. Kh2 Nd4 40.
Rfh5 Nf6 41. Rh8+ 1-0

[Event "Early-Titled-Tuesday-Blitz-August-29-2023"]
[Site "Chess.com"]
[Date "2023.08.29"]
[Round "6"]
[White "BillieKimbah"]
[Black "ShiroglanTalibov"]
[Result "1-0"]
[WhiteElo "3035"]
[BlackElo "2815"]
[TimeControl "180+1"]
[EndTime "9:06:57 PDT"]
[Termination "BillieKimbah won by resignation"]

1. d4 d5 2. Nf3 Nf6 3. Bg5 Bf5 4. Bxf6 gxf6 5. e3 c6 6. c4 Nd7 7. Nc3 e6 8. Be2 Rg8 9. g3 Bb4 10. Rc1 a6 11. a3 Bxc3+ 12. Rxc3 dxc4 13. Rxc4 Be4 14. O-O Rc8 15. Nd2 Bg6 16. b4 Nb6 17.
Rc5 Nd7 18. Rc1 Rh8 19. a4 h5 20. Nf3 Be4 21. Nh4 f5 22. Bf3 Nf6 23. Rc5 Rg8 24. Kh1 Nd7 25. Rc1 Nf6 26. Ng2 Qd5 27. Bxe4 Nxe4 28. f3 Nf6 29. Qe2 Rh8 30. Rfd1 Qd6 31.
b5 axb5 32. axb5 h4 33. Nxh4 Nd5 34. Kg1 Rg8 35. Ng2 Ke7 36. bxc6 bxc6 37. e4 fxe4 38. fxe4 Nc7 39. Qf2 Rcd8 40. e5 Qd5 41. Nf4 Qe4 42. Nh5 Nd5 43. Rf1 Rgf8 44. Rxc6 Rb8 45. Nf6 Nxf6 46. Qxf6+ Kd7 47. Rd6+ Ke8 48. Rxe6+ fxe6 49. Qxe6+ Kd8 50. Qd6+ Kc8 51. Rxf8+ 1-0

[Event "Early-Titled-Tuesday-Blitz-August-29-2023"]
[Site "Chess.com"]
[Date "2023.08.29"]
[Round "6"]
[White "Alexei_Gubajdullin"]
[Black "LeoLV10"]
[Result "1-0"]
[WhiteElo "2636"]
[BlackElo "2483"]
[TimeControl "180+1"]
[EndTime "9:06:57 PDT"]
[Termination "Alexei_Gubajdullin won on time"]

1. d4 Nf6 2. Nf3 e6 3. Bf4 d5 4.
e3 Bd6 5. Bg3 O-O 6. Nbd2 c5 7.
c3 Qc7 8. dxc5 Qxc5 9. b4 Qc7 10. c4 Nc6 11. Bxd6 Qxd6 12. c5 Qc7 13. b5 Ne5 14.
Nxe5 Qxe5 15. Rc1 a6 16. bxa6 bxa6 17. Be2 Qc7 18. c6 e5 19. O-O Be6 20. Qa4 Rfc8 21. Nb3 Qd6 22. Bxa6 Rc7 23. Qb5 Rca7 24. Bb7 Rb8 25.
c7 Raxb7 26. c8=Q+ Bxc8 27. Rxc8+ Rxc8 28. Qxb7 Rb8 29. Qa7 h5 30. Rc1 e4 31. h3 Nd7 32. Nd4 Ne5 33. Qc7 Qxc7 34. Rxc7 Rb1+ 35. Kh2 Ra1 36. Rc2 Nd3 37. Nf5 Kh7 38. Ne7 Rf1 39. Kg3 g5 40. h4 f6 41. Nxd5 Kg6 42. Ne7+ Kf7 43. Nf5 Kg6 44. Nd6 gxh4+ 45. Kxh4 Nxf2 46. a4 Ng4 47. Nxe4 Rh1+ 48. Kg3 Nxe3 49. Rc6 Rf1 50. a5 Nf5+ 51. Kh2 Nd4 52. Rd6 Nb5 53. Rb6 1-0

[Event "Early-Titled-Tuesday-Blitz-August-29-2023"]
[Site "Chess.com"]
[Date "2023.08.29"]
[Round "6"]
[White "pedromartinez91"]
[Black "DrDreBeats"]
[Result "0-1"]
[WhiteElo "2446"]
[BlackElo "2605"]
[TimeControl "180+1"]
[EndTime "9:06:57 PDT"]
[Termination "DrDreBeats won on time"]

1. e4 d5 2. exd5 Qxd5 3. Nc3 Qa5 4. b4 Qxb4 5. Rb1 Qd6 6. Nf3 Nf6 7. d4 Qd8 8. Bc4 e6 9. O-O Be7 10. Ne5 O-O 11.
Re1 Nc6 12. Nxc6 bxc6 13. Bd3 c5 14. Qf3 Bd7 15. d5 exd5 16. Nxd5 Nxd5 17. Qxd5 Be6 18. Qe4 g6 19. Bh6 Re8 20. Qe5 Bf6 21. Qxc5 Bxa2 22. Rbd1 Rxe1+ 23. Rxe1 Bd4 24. Qa5 Qf6 25. Re2 Be6 26.
h3 c5 27. Be4 Rc8 28. Bc1 Bc4 29. Bd3 Bxd3 30. cxd3 Qb6 31. Bd2 Qxa5 32. Bxa5 Kf8 33. Ra2 Rc6 34. Bd2 Re6 35. Kf1 a6 36. Ba5 Rf6 37.
f3 Ke7 38. Re2+ Re6 39. Rc2 Kd6 40. Rc1 Kd5 41. Rb1 Re3 42. Rb3 Re6 43. Rb8 h5 44.
Rd8+ Rd6 45. Rf8 Rd7 46. Ke2 c4 47. dxc4+ Kxc4 48. Rc8+ Kb5 49. Bd2 Bb6 50. Rb8 Re7+ 51. Kd3 a5 52. Bg5 Rd7+ 53. Kc2 Rc7+ 54. Kb2 Ka6 55.
Bd8 Rb7 0-1

[Event "Early-Titled-Tuesday-Blitz-August-29-2023"]
[Site "Chess.com"]
[Date "2023.08.29"]
[Round "6"]
[White "reniite"]
[Black "viktorgen2021"]
[Result "1-0"]
[WhiteElo "2339"]
[BlackElo "2441"]
[TimeControl "180+1"]
[EndTime "9:06:57 PDT"]
[Termination "reniite won by resignation"]

1. e4 c6 2. d4 d5 3. exd5 cxd5 4. Nf3 Nc6 5. c4 Nf6 6. Nc3 Bg4 7. cxd5 Nxd5 8.
Qb3 Bxf3 9. gxf3 Nb6 10. d5 Nd4 11. Qd1 e5 12. dxe6 Bc5 13. exf7+ Kxf7 14. Be3 Re8 15. Ne4 Bb4+ 16. Nc3 Qh4 17. Kd2 Rxe3 18. fxe3 Qf2+ 19.
Kc1 Bxc3 20. bxc3 Nxf3 21. Qe2 Qxe2 22. Bxe2 Ne5 23. Rf1+ Ke6 24. Rb1 Rc8 25. Kc2 Nd5 26.
c4 Nxe3+ 27. Kc3 Nxf1 28. Bxf1 b6 29. Bh3+ Kd6 30. Bxc8 g6 31. Bh3 Nf3 32. Rd1+ Ke5 33. Bg2 Nh4 34. Bd5 Nf5 35. Re1+ Kf4 36. Re8 h5 37. Rg8 g5 38. Rf8 Ke5 39. Ra8 g4 40.
Rxa7 h4 41. Rb7 g3 42. hxg3 hxg3 43. Rxb6 Ne3 44. Rg6 Kf4 45. a4 Nd1+ 46. Kb4 Nb2 47. a5 Nd3+ 48. Kb5 Ne5 49. Rg8 Ng4 50. a6 Nf6 51.
Rxg3 Kxg3 52. a7 Nxd5 53. cxd5 1-0

[Event "Early-Titled-Tuesday-Blitz-August-29-2023"]
[Site "Chess.com"]
[Date "2023.08.29"]
[Round "6"]
[White "AlexanderL"]
[Black "Msb2"]
[Result "1/2-1/2"]
[WhiteElo "2849"]
[BlackElo "3027"]
[TimeControl "180+1"]
[EndTime "9:06:58 PDT"]
[Termination "Game drawn by repetition"]

1. Nf3 d5 2. e3 e6 3. c4 Nf6 4. Nc3 Bd6 5. b3 O-O 6. Bb2 c5 7. cxd5 exd5 8. d4 Nc6 9. Be2 cxd4 10. Nxd4 Nxd4 11. Qxd4 Re8 12. O-O Be5 13. Qd2 d4 14.
exd4 Qxd4 15. Qxd4 Bxd4 16. Bf3 Rd8 17. Rad1 Bg4 18.
Bxg4 Nxg4 19. Rd2 Bxc3 20. Bxc3 Rxd2 21. Bxd2 Rd8 22. Rc1 f6 23. Be1 Ne5 24. Kf1 Nc6 25.
Bc3 Kf7 26. Ke2 Ke6 27. Re1 h5 28. h4 Rd5 29. g3 a6 30. Rc1 Kf5 31. f3 g5 32. Rh1 Kg6 33. Ke3 Rc5 34. Kd3 Rd5+ 35. Ke3 Ne5 36. Ke4 Rc5 37. Bd4 f5+ 38. Ke3 Rd5 39.
Bxe5 Rxe5+ 40. Kd3 f4 41. gxf4 gxf4 42. Rc1 Re3+ 43. Kd4 Rxf3 44. Ke4 Rh3 45. Rc7 f3 46. Ke3 Rxh4 47. Rxb7 Rf4 48. Kf2 h4 49. Rb6+ Kg5 50. Rb8 h3 51. Rg8+ Kf5 52. Rh8 Rg4 53. Kxf3 Rg2 54.
Rxh3 Rxa2 55. Rh5+ Ke6 56. Ke4 Kd6 57. Rh6+ Kc5 58. Kd3 Kb5 59. Kc3 Rg2 60. Rh5+ Kb6 61. Rh6+ Kb7 62. Rh7+ Kc6 63. Rh6+ Kb5 64. Rh5+ Kb6 65.
Rh6+ Kb5 1/2-1/2

[Event "Early-Titled-Tuesday-Blitz-August-29-2023"]
[Site "Chess.com"]
[Date "2023.08.29"]
[Round "6"]
[White "DanielNaroditsky"]
[Black "krzyzan94"]
[Result "1-0"]
[WhiteElo "3156"]
[BlackElo "2783"]
[TimeControl "180+1"]
[EndTime "9:06:59 PDT"]
[Termination "DanielNaroditsky won on time"]

1. d4 Nf6 2. Nc3 d5 3. Bf4 e6 4. e3 Bb4 5. Bd3 c5 6. dxc5 Nbd7 7. Nf3 Nxc5 8. O-O Bxc3 9. bxc3 O-O 10. Ne5 Nfe4 11.
Nf3 Nxc3 12. Qd2 N3e4 13. Qb4 a5 14. Qa3 Bd7 15. Rab1 Bc6 16. Nd4 Nxd3 17. Qxd3 Qd7 18. f3 Nc5 19. Qa3 Na4 20. Bg3 b5 21. c3 Rfc8 22.
Rbc1 Nb6 23. Qb2 Nc4 24. Qe2 e5 25. Nc2 Qe7 26. Rfd1 b4 27. cxb4 axb4 28. Ne1 Bb7 29. Nd3 Ra3 30. Be1 e4 31. fxe4 Qxe4 32. Bxb4 Ra7 33.
Nc5 Qxe3+ 34. Qxe3 Nxe3 35. Nxb7 Rb8 36. Bd6 Re8 37. Re1 Rxb7 38. Rxe3 Rd8 39. Rb3 Rbd7 40. Be5 f6 41. Bd4 Kf7 42. a4 Re8 43. a5 Re4 44. Rd1 Rd6 45. Rb6 Ke6 46. Rxd6+ Kxd6 47. a6 Re2 48. a7 Ra2 49. Ra1 Rxa1+ 50. Bxa1 Kc7 51. a8=Q 1-0

[Event "Early-Titled-Tuesday-Blitz-August-29-2023"]
[Site "Chess.com"]
[Date "2023.08.29"]
[Round "6"]
[White "ShahMatKanal"]
[Black "AnaKuchava"]
[Result "1-0"]
[WhiteElo "2435"]
[BlackElo "2205"]
[TimeControl "180+1"]
[EndTime "9:06:59 PDT"]
[Termination "ShahMatKanal won by checkmate"]

1. e4 c5 2. Nc3 Nc6 3. g3 g6 4. Bg2 Bg7 5. Nge2 d6 6. d3 e5 7. Be3 Nd4 8. Nd5 Ne7 9. Nxd4 cxd4 10.
Bg5 Qa5+ 11. b4 Qa3 12. Bxe7 Be6 13. Bxd6 Rc8 14. Nc7+ Kd7 15. Nxe6 fxe6 16. Bc5 b6 17. O-O bxc5 18. bxc5 Qxc5 19. Rb1 Rc7 20. Bh3 h5 21. Rb2 Rhc8 22. Qb1 Bh6 23. Rb5 Qxc2 24. Rxe5 Qxb1 25. Rxb1 Rc1+ 26. Rxc1 Rxc1+ 27. Kg2 Rc2 28.
Rxe6 Be3 29. Rf6+ Ke7 30. Rf3 Rxa2 31. g4 hxg4 32. Bxg4 a5 33. Kg3 Bg5 34. h4 Bf6 35. h5 gxh5 36. Bxh5 a4 37. Rf5 a3 38. Ra5 Ra1 39. Kf3 a2 40. Ra7+ Kd6 41. Bf7 Bh4 42. Rxa2 Rf1 43. Re2 Ke5 44. Bc4 Rh1 45. Kg2 Ra1 46.
Rb2 Bg5 47. Rb5+ Kf4 48. Rf5+ Kg4 49. Be6 Kh4 50. Rf3 Rb1 51. Rh3# 1-0

[Event "Early-Titled-Tuesday-Blitz-August-29-2023"]
[Site "Chess.com"]
[Date "2023.08.29"]
[Round "6"]
[White "Semetey"]
[Black "Herzog2012"]
[Result "0-1"]
[WhiteElo "2591"]
[BlackElo "2432"]
[TimeControl "180+1"]
[EndTime "9:07:00 PDT"]
[Termination "Herzog2012 won on time"]

1. e4 c5 2. Nf3 Nc6 3. d4 cxd4 4.
Nxd4 Nf6 5. Nc3 d6 6. Bg5 e6 7. Qd2 Be7 8. f3 O-O 9. O-O-O a6 10. h4 Qc7 11. Kb1 Rd8 12. f4 Nxd4 13. Qxd4 b5 14.
Be2 b4 15. Na4 Rb8 16. b3 Bd7 17. Nb2 Bc6 18. Bf3 a5 19. h5 h6 20. Bh4 Rbc8 21. Rd2 d5 22. e5 Ne4 23. Bxe4 dxe4 24.
Qe3 Bxh4 25. Rxh4 Rxd2 26. Qxd2 Bb5 27. Rh1 e3 28. Qxe3 Qxc2+ 29. Ka1 Rc3 30. Qe1 a4 31. bxa4 Bc4 32. Qd1 Qxg2 33. Rg1 Qd5 34. Qg4 g5 35. hxg6 f5 36. exf6 Ra3 37. f5 Rxa2+ 38. Kb1 Bd3+ 39.
Kc1 Ra1+ 40. Kd2 Bxf5+ 41. Ke3 Qe5+ 42. Kf2 Qxb2+ 43. Qe2 Qxe2+ 44. Kxe2 Rxg1 0-1

[Event "Early-Titled-Tuesday-Blitz-August-29-2023"]
[Site "Chess.com"]
[Date "2023.08.29"]
[Round "6"]
[White "shimastream"]
[Black "crescentmoon2411"]
[Result "1/2-1/2"]
[WhiteElo "2910"]
[BlackElo "3029"]
[TimeControl "180+1"]
[EndTime "9:07:01 PDT"]
[Termination "Game drawn by repetition"]

1. d4 d5 2. c4 e6 3. Nc3 c5 4. e3 Nc6 5. Nf3 Nf6 6. a3 a6 7.
dxc5 Bxc5 8. b4 Ba7 9. Bb2 dxc4 10. Qxd8+ Kxd8 11. Bxc4 b5 12. Be2 Bb7 13. O-O Ke7 14.
Nd2 Rhd8 15. Nb3 Bb6 16. Rac1 Rac8 17. Bf3 Rc7 18. Ne4 Nxe4 19. Bxe4 f5 20. Bf3 g5 21. h3 Rdc8 22. Nc5 Bxc5 23. Rxc5 Nd8 24. Rxc7+ Rxc7 25. Bd1 Bd5 26. f3 Bc4 27. Re1 Rd7 28. Bc3 Rd3 29. Bb2 Rd2 30. Bd4 Nc6 31. Bc5+ Kf7 32.
f4 Bd5 33. Bf3 Bxf3 34. gxf3 gxf4 35. exf4 Rd3 36. Kg2 Rxa3 37. Rd1 a5 38. bxa5 Rxa5 39. Rd7+ Kf6 40. Rc7 Ra6 41. Rxh7 b4 42. Rb7 Ra2+ 43. Kg3 Rc2 44. Bd6 Kg6 45. h4 Nd4 46. Rxb4 Ne2+ 47. Kh3 Ng1+ 48. Kg3 Ne2+ 49. Kh3 Ng1+ 50. Kg3 Ne2+ 1/2-1/2

[Event "Early-Titled-Tuesday-Blitz-August-29-2023"]
[Site "Chess.com"]
[Date "2023.08.29"]
[Round "6"]
[White "Zurability"]
[Black "Boundless_Strike"]
[Result "1-0"]
[WhiteElo "2712"]
[BlackElo "2526"]
[TimeControl "180+1"]
[EndTime "9:07:01 PDT"]
[Termination "Zurability won by checkmate"]

1. e4 d6 2. d4 e5 3. Nf3 Bg4 4. dxe5 Nc6 5. h3 Bh5 6. Bb5 Qd7 7. Bf4 O-O-O 8. exd6 Qe8 9. O-O Bxd6 10. Bxd6 Rxd6 11.
Nbd2 Nf6 12. Qe1 Re6 13. e5 Nd7 14. Bxc6 Rxc6 15. Qe3 Kb8 16. c3 Re6 17. Rfe1 Qe7 18. Nc4 Bxf3 19. Qxf3 f6 20. Re3 Nxe5 21. Nxe5 Rxe5 22.
Rae1 Rxe3 23. Rxe3 Qf7 24. Qe2 Rd8 25. a3 a6 26. Re7 Qg6 27. Qc4 Rc8 28. Kh2 Qf5 29. f3 g5 30. Qe4 Qc5 31. Rxh7 Qd6+ 32. Kh1 Rd8 33. Re7 Qd1+ 34. Kh2 Qd6+ 35. Kg1 Qc5+ 36. Qe3 Rd1+ 37. Kh2 Qd6+ 38. f4 b6 39. Re8+ Ka7 40.
Qf3 Rd5 41. Re4 Rf5 42. Rd4 Qc5 43. Rd8 c6 44. Qd3 a5 45. Qd7+ Ka6 46. a4 b5 47.
Ra8+ Kb6 48. Rb8+ Ka6 49. Qb7# 1-0

[Event "Early-Titled-Tuesday-Blitz-August-29-2023"]
[Site "Chess.com"]
[Date "2023.08.29"]
[Round "6"]
[White "RandomNoob04"]
[Black "Muracle"]
[Result "0-1"]
[WhiteElo "2644"]
[BlackElo "2505"]
[TimeControl "180+1"]
[EndTime "9:07:01 PDT"]
[Termination "Muracle won by resignation"]

1. e4 c5 2. d4 cxd4 3. c3 dxc3 4. Nxc3 Nc6 5. Nf3 e6 6. Bc4 a6 7. O-O b5 8. Bb3 Na5 9. Re1 Nxb3 10. axb3 Bb7 11. Nd5 Ne7 12. Bg5 h6 13. Bh4 exd5 14. exd5 d6 15. Nd4 g5 16. Bg3 Qd7 17. Qf3 Rg8 18. Nf5 Rg6 19. Nd4 Rc8 20. Re3 Bg7 21.
Nf5 Be5 22. Bxe5 Qxf5 23. Qg3 Nxd5 24. Ree1 Re6 25. Bxd6 Nf4 26. Bxf4 Qxf4 27. Qh3 Rc6 28. Qxh6 Ke7 29. Qh8 Rxe1+ 30. Rxe1+ Re6 31. Rd1 Rd6 32. Re1+ Re6 33. Rd1 Qc7 34. Qd4 Kf8 35. Qb4+ Kg7 36.
Qd4+ Qe5 37. Qd2 Qe4 38. Qxg5+ Rg6 39. Qxg6+ Kxg6 40. f3 Qe3+ 41. Kh1 Qe2 42. Rd6+ Kg7 43. h4 Bxf3 44. gxf3 Qxf3+ 45. Kh2 Qf4+ 46. Kh3 Qxd6 47. h5 Qe5 48. h6+ Kxh6 49. b4 Qxb2 50. Kg4 Qxb4+ 51. Kf5 Qc4 52. Kf6 a5 53. Ke7 a4 54. Kf8 a3 55.
Kg8 a2 56. Kh8 a1=Q+ 0-1